 Dungeon Crawl Stone Soup version 0.24.1-8-ga250c9d538 (webtiles) character file.

Game seed: 10787307022472544060, levelgen mode: deterministic

1305 Hugehornet the Changer (level 8, -4/48 HPs)
             Began as an Octopode Transmuter on May 3, 2020.
             Killed from afar by a white imp (12 damage)
             ... with a puff of frost
             ... summoned by Eustachio
             ... on level 6 of the Dungeon.
             The game lasted 00:13:25 (7103 turns).

Hugehornet the Changer (Octopode Transmuter)        Turns: 7103, Time: 00:13:27

Health: -4/48      AC:  1    Str:  9      XL:     8   Next: 57%
Magic:  8/12       EV: 12    Int: 18      God:
Gold:   279        SH:  0    Dex:  5 (12) Spells: 3/13 levels left

rFire    . . .     SeeInvis .     - Unarmed
rCold    . . .     Gourm    .   (no shield)
rNeg     . . .     Faith    .   (helmet restricted)
rPois    .         Spirit   .   (no amulet)
rElec    .         Reflect  .   (no ring)
rCorr    .         Harm     .   (no ring)
MR       .....                  (no ring)
Stlth    ++........             (no ring)
HPRegen  0.16/turn              (no ring)
MPRegen  0.13/turn              (no ring)
                                (no ring)
                                (no ring)

@: no status effects
A: almost no armour, stealthy swim, amphibious, 8 rings, constrict 8, camouflage
1, gelatinous body 1
a: no special abilities


You were on level 6 of the Dungeon.
You were hungry.

You visited 2 branches of the dungeon, and saw 7 of its levels.

You collected 279 gold pieces.

Inventory:

Missiles
 a - 156 arrows
Armour
 y - a +0 large shield
Wands
 l - a wand of random effects (14)
 m - a wand of disintegration (16)
Scrolls
 d - 2 scrolls of fog {unknown}
 e - 6 scrolls of remove curse {unknown}
 h - 8 scrolls of identify {unknown}
 i - a scroll of magic mapping {unknown}
 j - a scroll of noise {unknown}
 k - a scroll of blinking {unknown}
 n - 4 scrolls of immolation {unknown}
 o - a scroll of enchant weapon {unknown}
 p - 3 scrolls of teleportation {unknown}
 q - a scroll of enchant armour {unknown}
 r - a scroll of amnesia {unknown}
Potions
 b - a potion of degeneration {unknown}
 f - a potion of might {unknown}
 g - 2 potions of flight {unknown}
 s - a potion of cancellation {unknown}
 t - a potion of haste
 v - a potion of agility {unknown}
 w - 2 potions of ambrosia {unknown}
 x - a potion of magic {unknown}
 z - 2 potions of curing
Comestibles
 c - 12 rations


   Skills:
 - Level 1.0 Fighting
 - Level 2.0 Dodging
 * Level 7.0 Unarmed Combat
 + Level 3.3 Spellcasting
 * Level 7.6 Transmutations


You had 3 spell levels left.
You knew the following spells:

 Your Spells              Type           Power        Failure   Level  Hunger
a - Beastly Appendage     Tmut           ####..       1%          1    None
b - Sticks to Snakes      Tmut           ####....     1%          2    ##.....
c - Spider Form           Tmut/Pois      ###.......   10%         3    ###....
d - Ice Form              Ice/Tmut       ###.....     32%         4    ####...

Your spell library contained the following spells:

 Spells                   Type           Power        Failure   Level  Hunger
 Animate Skeleton         Necr           N/A          16%         1    None
 Apportation              Tloc           #.....       16%         1    None
 Confusing Touch          Hex            #.....       16%         1    None
 Summon Small Mammal      Summ           #...         16%         1    None
 Blade Hands              Tmut           ####......   19%         5    ######.


Dungeon Overview and Level Annotations

Branches:
Dungeon (6/15)             Temple (1/1) D:5

Altars:
Ashenzari
Elyvilon
Fedhas
Gozag
Hepliaklqana
Kikubaaqudgha
Makhleb
Nemelex Xobeh
Okawaru
Qazlal
Ru
Sif Muna
Uskayaw
Vehumet
Wu Jian
Yredelemnul
Zin
The Shining One

Annotations:
D:5 exclusion: gargoyle
D:6 Eustachio


Innate Abilities, Weirdness & Mutations

You cannot wear most types of armour.
You are very stealthy in the water. (Stealth+)
You are amphibious.
You can wear up to eight rings at the same time.
You can use your tentacles to constrict eight enemies at once.
Your skin changes colour to match your surroundings (Stealth+).
Your rubbery body absorbs attacks. (AC +1, EV +1)


Message History

You hit the iron imp but do no damage.
The iron imp is lightly wounded.
The iron imp hits you!
* * * LOW HITPOINT WARNING * * *
Your magical contamination has completely faded away.
You bite the iron imp!
The iron imp is poisoned.
The iron imp is heavily wounded.
Eustachio gestures wildly while chanting.
Eustachio blinks!
You barely miss the iron imp.
The iron imp is severely wounded.
The iron imp closely misses you.
You bite the iron imp!
You kill the iron imp!
Your transformation has ended.
Eustachio mumbles some strange words.
Eustachio blinks!
The white imp gestures at you. The puff of frost hits you!
You die... ######################## @.ยง.55.@................ ########################

You could see Eustachio and 2 white imps.

Vanquished Creatures
  Sigmund (D:3)
  A phantom (D:5)
  A sky beast (D:5)
  An ogre (D:6)
  A centaur (D:6)
  A bullfrog (D:6)
  A scorpion (D:5)
  2 howler monkeys
  4 crimson imps
  3 orc priests (D:4)
  An iguana (D:5)
  An orc wizard (D:4)
  A centaur skeleton (D:6)
  Terence (D:2)
  3 worker ants (D:4)
  A killer bee zombie (D:6)
  A howler monkey skeleton (D:5)
  A worker ant zombie (D:5)
  A gnoll (D:1)
  9 adders
  An adder skeleton (D:3)
  4 dart slugs
  3 leopard geckos
  14 orcs
  2 bats
  3 giant cockroaches
  9 goblins
  9 hobgoblins
  2 jackals (D:4)
  8 kobolds
  A quokka (D:4)
  A ball python (D:3)
  4 frilled lizards
  6 rats
103 creatures vanquished.

Notes
Turn   | Place    | Note
-------+----------+-------------------------------------------
     0 | D:1      | Hugehornet the Octopode Transmuter began the quest for the
                  | Orb.
     0 | D:1      | Reached XP level 1. HP: 13/13 MP: 3/3
   230 | D:1      | Reached XP level 2. HP: 18/18 MP: 3/5
   468 | D:1      | Reached XP level 3. HP: 12/23 MP: 3/6
   599 | D:1      | Learned a level 2 spell: Sticks to Snakes
   603 | D:1      | Learned a level 3 spell: Spider Form
  1489 | D:2      | Noticed Terence
  1496 | D:2      | Killed Terence
  1496 | D:2      | Reached XP level 4. HP: 15/28 MP: 5/7
  1639 | D:2      | Found a blossoming altar of Fedhas.
  2191 | D:3      | Noticed Sigmund
  2568 | D:3      | Killed Sigmund
  2568 | D:3      | Reached XP level 5. HP: 22/33 MP: 5/8
  2568 | D:3      | Reached XP level 6. HP: 25/38 MP: 5/9
  3923 | D:4      | Reached XP level 7. HP: 35/43 MP: 6/10
  3949 | D:4      | Reached skill level 5 in Unarmed Combat
  4676 | D:4      | Learned a level 4 spell: Ice Form
  4932 | D:5      | Entered Level 5 of the Dungeon
  5089 | D:5      | Found a staircase to the Ecumenical Temple.
  5098 | Temple   | Entered the Ecumenical Temple
  5160 | D:5      | Noticed a gargoyle
  5538 | D:5      | Reached XP level 8. HP: 8/48 MP: 6/11
  7044 | D:6      | Noticed Eustachio
  7103 | D:6      | Killed from afar by a white imp

Levels and vault maps discovered:
D:1:      erik_arrival_triangle_small, layout_loops_cross
D:2:      layout_loops_ring, eino_tiny_chamber, fedhas_ov_isle_minmay,
          uniq_terence
D:3:      layout_rooms, uniq_sigmund
D:4:      layout_loops_ring, minmay_misc_feat_cross
D:5:      layout_rooms, minmay_temple_entry_stoned_glass, first_ration,
          chequers_hall_statues_y
D:6:      layout_basic, uniq_eustachio
Temple:   nicolae_temple_no_exploring_needed

Skill      XL: |  1  2  3  4  5  6  7  8 |
---------------+-------------------------+-----
Transmutations | 3 4 6 7 |  7.6
Unarmed Combat | 4 6 7 |  7.0
Spellcasting   | 3 |  3.3
Fighting       | |  1.0
Dodging        | |  2.0

Action                   |  1- 3 |  4- 6 |  7- 9 || total
-------------------------+-------+-------+-------++-------
Melee: Unarmed           |    75 |    95 |   192 ||   362
       Constrict         |    17 |    15 |    22 ||    54
       Kick              |    14 |    11 |    16 ||    41
       Tentacles         |     9 |     8 |    12 ||    29
       Punch             |     1 |     2 |     6 ||     9
 Cast: Beastly Appendage |    23 |    13 |    23 ||    59
       Spider Form       |       |     4 |    10 ||    14
       Sticks to Snakes  |       |       |     6 ||     6
 Stab: Sleeping          |     2 |     2 |     2 ||     6
  Eat: Ration            |     1 |       |       ||     1
       Chunk             |       |     7 |    11 ||    18
Armor: Skin              |     4 |     4 |    21 ||    29
Dodge: Dodged            |    32 |    67 |   155 ||   254
